 Dungeon Crawl Stone Soup version 0.24.0-1-gfbc8707122 (webtiles) character file.

Game seed: 12369119094992138318, levelgen mode: deterministic

77 Borgoz the Cutter (level 4, 0/29 HPs)
             Began as a Kobold Berserker on Oct 29, 2019.
             Was a Believer of Trog.
             Killed from afar by Natasha (4 damage)
             ... with a magic dart
             ... on level 2 of the Dungeon.
             The game lasted 00:03:00 (1481 turns).

Borgoz the Cutter (Kobold Berserker)                Turns: 1481, Time: 00:03:01

Health: 0/29       AC:  2    Str: 15    XL:     4   Next: 58%
Magic:  4/4        EV: 16    Int:  8    God:    Trog [**....]
Gold:   145        SH:  0    Dex: 14    Spells: 3/3 levels left

rFire    . . .     SeeInvis .   a - +0 short sword
rCold    . . .     Gourm    .   (shield restricted)
rNeg     . . .     Faith    .   b - +0 animal skin
rPois    .         Spirit   .   (no helmet)
rElec    .         Reflect  .   t - scarf {cloud immunity}
rCorr    .         Harm     .   (no gloves)
MR       .....                  (no boots)
Stlth    +.........             (no amulet)
HPRegen  0.09/turn              (no ring)
MPRegen  0.09/turn              (no ring)

@: berserk cooldown, flying, slowed, very slow
A: small, carnivore
a: Berserk, Trog's Hand, Renounce Religion


You were on level 2 of the Dungeon.
You worshipped Trog.
Trog was pleased with you.
You were very full.

You visited 1 branch of the dungeon, and saw 3 of its levels.

You collected 145 gold pieces.

Inventory:

Hand Weapons
 a - a +0 short sword (weapon)
Armour
 b - a +0 animal skin (worn)
 t - a scarf of cloud immunity (worn)
Scrolls
 d - 2 scrolls of amnesia {unknown}
 f - a scroll of remove curse
 h - 2 scrolls of teleportation {unknown}
 k - 3 scrolls of identify {unknown}
 l - a scroll of fog {unknown}
 m - 2 scrolls of blinking {unknown}
 n - a scroll of random uselessness {unknown}
 o - a scroll of enchant weapon {unknown}
 p - a scroll of magic mapping {unknown}
 q - a scroll of enchant armour {unknown}
Potions
 e - 2 potions of cancellation {unknown}
 g - a potion of resistance {unknown}
 i - 2 potions of flight
 j - a potion of brilliance {unknown}
 r - a potion of degeneration {unknown}
 u - a potion of heal wounds {unknown}
Comestibles
 c - 7 rations
 s - 3 chunks of flesh


   Skills:
 + Level 4.0 Fighting
 + Level 4.7 Short Blades
 + Level 2.3 Armour
 + Level 3.3 Dodging


You had 3 spell levels left.
You didn't know any spells.
Your spell library was empty.

Dungeon Overview and Level Annotations

Branches:
Dungeon (3/15)

Altars:
Okawaru

Annotations:
D:2 Natasha
D:3 Jessica


Innate Abilities, Weirdness & Mutations

You are small and have problems with some larger weapons.
You are carnivorous and can eat meat at any time.


Message History

Jessica blinks!
The leopard gecko bites you.
* * * LOW HITPOINT WARNING * * *
The crimson imp blinks!
There is a stone staircase leading up, spattered with blood here.
You can't go down here!
The leopard gecko closely misses you. Natasha claws you but does no damage.
The leopard gecko barely misses you.
You climb upwards.
The crimson imp disappears in a puff of smoke!
There is a stone staircase leading down here.
It was a potion of flight.
You feel very buoyant.
You fly up into the air.
Natasha stares at you and mumbles some strange words.
You resist with some effort. The leopard gecko bites you.
* * * LOW HITPOINT WARNING * * *
Natasha stares at you and mumbles some strange words.
The magic dart hits you.
You die...

#..........<...#.....######....
##.........###.#####....#...###
#..........##.### ####...#####
#..........##...## ##.........
#..).....[..###..###..##...#.#
#............###.....###.###.(
#..........#..##.....###.# ###
#............lh..###..##.#
#.........###@...####.##.#
####.........######....#.#..#
..#...........# ##.......##
..............# ##..#....##
..............## #..####...####
...............###.#####.#....##
......>................#..###).##
.............#####.###....####...
............## #.# ###.........


You could see Natasha and a leopard gecko.

Vanquished Creatures
  4 adders
  An ooze (D:1)
  A worm (D:2)
  4 leopard geckos
  4 bats
  2 giant cockroaches
  A hobgoblin (D:3)
  3 kobolds
  A ball python (D:2)
  5 frilled lizards
  2 goblins
  4 rats
32 creatures vanquished.

Notes
Turn   | Place    | Note
-------+----------+-------------------------------------------
     0 | D:1      | Borgoz the Kobold Berserker began the quest for the Orb.
     0 | D:1      | Reached XP level 1. HP: 14/14 MP: 1/1
   168 | D:1      | Reached XP level 2. HP: 19/19 MP: 2/2
   532 | D:2      | Reached XP level 3. HP: 18/23 MP: 3/3
   732 | D:2      | Found an iron altar of Okawaru.
  1099 | D:2      | Reached ** piety under Trog
  1177 | D:2      | Reached XP level 4. HP: 29/29 MP: 4/4
  1456 | D:3      | Noticed Jessica
  1464 | D:3      | Noticed Natasha
  1481 | D:2      | Killed from afar by Natasha

Levels and vault maps discovered:
D:1:      minmay_arrival_nine_rooms, layout_rooms, minmay_pentomino_r2
D:2:      layout_rooms, old_standard_altar
D:3:      layout_rooms, makhleb_grotto_becter, uniq_natasha, uniq_jessica

Skill      XL: |  1  2  3  4 |
---------------+-------------+-----
Armour         | 2 |  2.3
Dodging        | 3 |  3.3
Fighting       | 4 |  4.0
Short Blades   | |  4.7

Action                   |  1- 3 |  4- 6 || total
-------------------------+-------+-------++-------
Melee: Short sword       |    65 |    29 ||    94
Invok: Berserk           |     3 |     2 ||     5
  Use: Scroll            |     2 |       ||     2
       Potion            |       |     1 ||     1
 Stab: Sleeping          |     3 |       ||     3
  Eat: Chunk             |     9 |     5 ||    14
Armor: Animal skin       |    10 |     4 ||    14
Dodge: Dodged            |    47 |    23 ||    70
